Map: Port Aleksander LE

Players

Odin - Winner!

  • Race: Protoss Protoss
  • League: Gold
  • Spawn Location: 5:00

keyser

  • Race: Terran Terran
  • League: Gold
  • Spawn Location: 11:00

VOD

Have the link to the VOD?

Description

Time

  • Played on: Dec. 11, 2018, 4:43 a.m.
  • Length: 4:31
Show
View Real Time Build Order
Export as new Build Order

Odin Protoss - Winner!

Build Orders:  

Get SALT Encoding   

  1  0:00  Probe  
  13  0:16  Assimilator  
  13  0:22  Pylon  
  13  0:31  Probe  
  14  0:42  Gateway  
  14  0:53  Assimilator  
  14  0:57  Probe  
  15  1:05  Probe  
  16  1:15  Probe  
  17  1:25  Pylon  
  17  1:27  Probe  
  17  1:31  Cybernetics Core  
  18  1:36  Assimilator  
  18  1:43  Probe  
  19  1:54  Probe  
  20  2:02  Probe  
  20  2:07  Warp Gate  
  21  2:10  Probe  
  22  2:16  Robotics Facility  
  22  2:22  Probe  
  23  2:34  Probe  
  24  2:52  Immortal  
  28  3:06  Pylon  
  28  3:25  Shield Battery  
  28  3:26  Shield Battery  
  28  3:29  Pylon  
  28  3:39  Immortal  
  32  4:03  Shield Battery  
  32  4:04  Pylon  
  32  4:06  Shield Battery  
  32  4:29  Shield Battery  
Show
View Real Time Build Order
Export as new Build Order

keyser Terran 

Build Orders:  

Get SALT Encoding   

  12  0:01  SCV  
  13  0:16  Supply Depot  
  13  0:18  SCV  
  14  0:33  SCV  
  15  0:39  Barracks  
  15  0:47  Refinery  
  15  0:48  SCV  
  16  1:00  SCV  
  17  1:12  SCV  
  18  1:24  SCV  
  19  1:37  Supply Depot  
  19  1:39  Orbital Command  
  19  1:57  Marine  
  20  2:07  Ghost Academy  
  20  2:14  Factory  
  20  2:15  Marine, SCV  
  22  2:24  Barracks  
  22  2:39  SCV  
  22  2:42  Marine  
  24  2:51  SCV  
  25  2:57  Factory Tech Lab  
  25  3:01  Starport  
  25  3:08  Marine  
  25  3:12  Barracks  
  26  3:13  Marine  
  27  3:26  Marine  
  28  3:28  Refinery  
  29  3:36  Barracks Reactor  
  27  3:52  Marine  
  25  4:03  Marine  
  25  4:08  Supply Depot  
  26  4:12  Supply Depot  
Tags
 
Add a new tag
Caveats
  • Supply blocks, unpowered buildings, or Contaminate may cause inaccurate times.
  • Supply counts are checked every 10 seconds.